 Dungeon Crawl Stone Soup version 0.29-a0-1052-g6990b1bffc (webtiles) character file.

Game seed: 8356629249704528903

392 nicolae the Chopper (level 6, -6/62 HPs)
             Began as an Ogre Berserker on Aug 17, 2022.
             Was a Believer of Trog.
             Mangled by a river rat (9 damage)
             ... on level 4 of the Dungeon.
             The game lasted 00:04:19 (3854 turns).

nicolae the Chopper (Ogre Berserker)                Turns: 3854, Time: 00:04:19

Health: -6/62      AC:  3    Str: 24    XL:     6   Next: 80%
Magic:  6/6        EV: 10    Int: 14    God:    Trog [**....]
Gold:   179        SH:  0    Dex:  8    Spells: 5/5 levels left

rFire   + . .      SeeInvis .   a - +0 hand axe
rCold   + . .      Faith    .   (no shield)
rNeg    . . .      Spirit   .   r - +0 robe
rPois   .          Reflect  .   (helmet restricted)
rElec   .          Harm     .   q - scarf {rC+ rF+}
rCorr   .          Rampage  .   (gloves unavailable)
Will    ++...                   (boots unavailable)
Stlth   +.........              (no amulet)
HPRegen 1.20/turn               p - +6 ring of intelligence
MPRegen 0.10/turn               (no ring)

@: strong-willed, regenerating, invisible, very slow
A: large, unfitting armour, tough skin 1
a: Renounce Religion, Berserk, Trog's Hand


You were on level 4 of the Dungeon.
You worshipped Trog.
Trog was pleased with you.
You visited 1 branch of the dungeon, and saw 4 of its levels.

You collected 179 gold pieces.

Inventory:

Hand Weapons
 a - a +0 hand axe (weapon)
Missiles
 i - 2 throwing nets (quivered)
Armour
 q - a scarf of resistance (worn)
 r - a +0 robe (worn)
Jewellery
 p - a +6 ring of intelligence (left hand)
Scrolls
 b - a scroll of poison {unknown}
 c - 3 scrolls of blinking
 e - a scroll of immolation {unknown}
 f - a scroll of amnesia {unknown}
 g - a scroll of fog {unknown}
 h - a scroll of torment {unknown}
 j - 2 scrolls of magic mapping
 k - a scroll of fear {unknown}
 m - a scroll of enchant armour {unknown}
Potions
 d - a potion of invisibility
 l - a potion of haste
 o - a potion of attraction {unknown}
 s - a potion of might {unknown}


   Skills:
 - Level 4.0 Fighting
 + Level 7.4 Axes
 - Level 2.6 Dodging


You had 5 spell levels left.
You didn't know any spells.
Your spell library was empty.

Dungeon Overview and Level Annotations

Branches:
Dungeon (4/15)
 Temple: D:4-7

Altars:


Innate Abilities, Weirdness & Mutations

You are too large for most types of armour.
You have tough skin. (AC +1)


Message History

You closely miss the adder.
The adder is heavily wounded.
The adder barely misses you.
You closely miss the adder.
The adder is heavily wounded.
You barely miss the river rat. The river rat barely misses you.
The adder closely misses you.
You miss the adder.
The adder is heavily wounded.
You closely miss the river rat. The adder bites you. The river rat bites you.
You slash the adder!
You kill the adder!
Trog accepts your kill.
You closely miss the river rat. The river rat bites you.
You hit the river rat.
The river rat is moderately wounded.
You barely miss the river rat. The river rat bites you.
The river rat closely misses you.
You hit the river rat but do no damage.
The river rat is moderately wounded.
You hit the river rat. The river rat bites you.
* * * LOW HITPOINT WARNING * * *
The river rat closely misses you.
You closely miss the river rat.
The river rat is moderately wounded.
You hit the river rat but do no damage. The river rat bites you.
* * * LOW HITPOINT WARNING * * *
The river rat completely misses you.
You barely miss the river rat.
The river rat is moderately wounded.
You hit the river rat.
The river rat bites you but does no damage.
The river rat bites you!
* * * LOW HITPOINT WARNING * * *
Your skin crawls.
You feel strong-willed. The river rat bites you.
* * * LOW HITPOINT WARNING * * *
The river rat bites you!
You die...

#~~......# ###..
#~~~..#..# #...#
###~#...#..#
#.###
~~#~~~....####.#
##~#~#~...###...#
~~#~~~~.††...###
#~#~#~...#####
#r#~#~...#
#@r~#....#
#####....# #....#
######


You could see 2 river rats.

Vanquished Creatures
  Eustachio (D:4)
  An orc priest (D:4)
  An orc wizard (D:4)
  14 adders
  A worm (D:2)
  2 dart slugs
  3 orcs
  7 ball pythons
  3 bats
  10 endoplasms
  A giant cockroach (D:2)
  7 goblins
  3 hobgoblins
  6 jackals
  A frilled lizard (D:2)
  6 kobolds
  2 rats
69 creatures vanquished.

Vanquished Creatures (others)
  58 plants (D:1)
58 creatures vanquished.

Grand Total: 127 creatures vanquished

Notes
Turn   | Place    | Note
-------+----------+-------------------------------------------
     0 | D:1      | nicolae the Ogre Berserker began the quest for the Orb.
     0 | D:1      | Reached XP level 1. HP: 24/24 MP: 1/1
   451 | D:1      | Reached XP level 2. HP: 29/32 MP: 2/2
  1144 | D:2      | Reached skill level 4 in Axes
  1144 | D:2      | Reached XP level 3. HP: 24/39 MP: 3/3
  1925 | D:2      | Reached XP level 4. HP: 30/48 MP: 4/4
  1933 | D:2      | Reached ** piety under Trog
  2123 | D:3      | Found a faded altar of an unknown god.
  2155 | D:3      | Reached skill level 5 in Axes
  2692 | D:3      | Reached XP level 5. HP: 39/54 MP: 5/5
  3582 | D:4      | Noticed Eustachio
  3592 | D:4      | Reached skill level 6 in Axes
  3598 | D:4      | Killed Eustachio
  3599 | D:4      | Reached skill level 7 in Axes
  3599 | D:4      | Reached XP level 6. HP: 44/62 MP: 6/6
  3854 | D:4      | HP: 3/62 [river rat (4)]
  3854 | D:4      | Mangled by a river rat

Illustrated notes

Levels and vault maps discovered:
D:1:      roderic_crop_circles_arrival_small, layout_basic
D:2:      layout_rooms
D:3:      layout_basic, nicolae_ecumenical_oubliette, serial_park_tiny_2,
          minivault_14
D:4:      layout_rooms, gammafunk_ghost_cemetery, lightli_sewer_entry_pipes,
          nicolae_elevator_lobby_plus, uniq_eustachio

Skill      XL: |  1  2  3  4  5 |
---------------+----------------+-----
Axes           | 4 5 7 |  7.4
Fighting       | |  4.0
Dodging        | |  2.6

Action                   |  1- 3 |  4- 6 || total
-------------------------+-------+-------++-------
Melee: Hand axe          |   107 |   150 ||   257
Invok: Trog's Hand       |       |     3 ||     3
       Berserk           |       |     1 ||     1
  Use: Scroll            |     1 |     4 ||     5
       Potion            |       |     2 ||     2
 Stab: Sleeping          |     1 |       ||     1
       Invisible         |       |     1 ||     1
Armor: Animal skin       |    33 |    22 ||    55
       Robe              |       |    13 ||    13
Dodge: Dodged            |    46 |    79 ||   125

Table legend: (Time is in decaauts)
 A = Elapsed time spent in this place.
 B = Non-inter-level travel time spent in this place.
 C = Inter-level travel time spent in this place.
 D = Time resting spent in this place.
 E = Time spent auto-exploring this place.
 F = Levels seen in this place.
 G = Mean time per level.
                   A        B        C        D        E       F      G
               +--------+--------+--------+--------+--------+-----+--------+
         Total |   3873 |   3767 |    106 |    289 |   2902 |   4 |  968.2 |
       Dungeon |   3873 |   3767 |    106 |    289 |   2902 |   4 |  968.2 |
               +--------+--------+--------+--------+--------+-----+--------+

Top non-repeatable levels by time:
     D:3: 1446 daAuts
     D:1: 1137 daAuts
     D:2: 1010 daAuts
     D:4: 279 daAuts
